 Dungeon Crawl Stone Soup version 0.31.0-32-g396128a36d (webtiles) character file.

Game seed: 16618960787311771661

1104 Curundu the Cleaver (level 8, -2/106 HPs)
             Began as a Minotaur Berserker on Mar 24, 2024.
             Was a Priest of Trog.
             Slain by Prince Ribbit (10 damage)
             ... on level 5 of the Dungeon.
             The game lasted 00:09:37 (3441 turns).

Curundu the Cleaver (Minotaur Berserker)            Turns: 3441, Time: 00:09:38

Health: -2/106     AC: -4    Str: 24    XL:     8   Next: 11%
Magic:  7/7        EV:  7    Int:  4    God:    Trog [***...]
Gold:   410        SH:  0    Dex: 10    Spells: 7/7 levels left

rFire   . . .        a - +0 hand axe
rCold   . . .        (no shield)
rNeg    . . .        h - +0 plate armour
rPois   .            (helmet restricted)
rElec   .            b - +0 cloak
rCorr   .            p - +0 pair of gloves
SInv    .            (no boots)
Will    .....        m - amulet of regeneration Stlth
                     w - +4 ring of protection
HPRegen 1.17/turn    (no ring)
MPRegen 0.10/turn

%: no passive effects
@: berserking, corroded, very quick
A: horns 2, retaliatory headbutt
a: Renounce Religion, Berserk, Trog's Hand


You were on level 5 of the Dungeon.
You worshipped Trog.
Trog was most pleased with you.
You visited 1 branch of the dungeon, and saw 5 of its levels.
You also visited: Sewer.

You collected 410 gold pieces.

Inventory:

Hand Weapons
 a - a +0 hand axe (weapon)
Missiles
 d - 5 silver javelins (quivered)
Armour
 b - a +0 cloak (worn)
 h - a +0 plate armour (worn)
 p - a +0 pair of gloves (worn)
Jewellery
 m - an amulet of regeneration (around neck)
 w - a +4 ring of protection (left hand)
Wands
 n - a wand of roots (19)
Scrolls
 c - a scroll of vulnerability {unknown}
 i - a scroll of torment {unknown}
 k - a scroll of silence {unknown}
 l - 4 scrolls of identify {unknown}
 q - a scroll of noise {unknown}
 r - a scroll of immolation {unknown}
 s - a scroll of amnesia {unknown}
 u - a scroll of fear {unknown}
Potions
 e - 5 potions of enlightenment
 f - 3 potions of curing
 g - 2 potions of resistance {unknown}
 j - a potion of brilliance {unknown}
 o - 3 potions of heal wounds
 t - a potion of invisibility {unknown}
 v - a potion of lignification {unknown}


   Skills:
 + Level 6.3 Fighting
 + Level 8.8 Axes
 + Level 6.2 Armour
 + Level 2.9 Dodging
 + Level 0.3 Stealth


You had 7 spell levels left.
You didn't know any spells.
Your spell library was empty.

Dungeon Overview and Level Annotations

Branches:
Dungeon (5/15)              Sewer (visited)
 Temple: D:4-7

Altars:
Wu Jian

Shops:
D:1 :

Annotations:
D:5 Prince Ribbit


Innate Abilities, Weirdness & Mutations

You have a pair of horns on your head.
You reflexively headbutt those who attack you in melee.


Message History

Prince Ribbit is moderately wounded.
Prince Ribbit hits you but does no damage.
You barely miss Prince Ribbit. Your headbutt misses Prince Ribbit.
Prince Ribbit is moderately wounded.
You slash the jelly! The acid corrodes you!
Your hands burn!
Prince Ribbit closely misses you. The jelly barely misses you.
You furiously retaliate!
You headbutt the jelly, but do no damage.
You hit Prince Ribbit but do no damage.
Prince Ribbit is moderately wounded.
You hit the jelly but do no damage. The acid corrodes you!
Your hands burn!
Prince Ribbit hits you! The jelly hits you but does no damage.
Unknown command.
You hit Prince Ribbit but do no damage.
Prince Ribbit is moderately wounded.
You hit the jelly but do no damage. The acid corrodes you!
Your hands burn!
Prince Ribbit hits you but does no damage.
The jelly hits you but does no damage. Prince Ribbit barely misses you.
Unknown command.
You slash Prince Ribbit! Your headbutt misses Prince Ribbit.
Prince Ribbit is severely wounded.
You hit the jelly. The acid corrodes you!
Your hands burn!
A white imp comes into view.
Prince Ribbit barely misses you. The jelly hits you but does no damage.
You miss Prince Ribbit.
The white imp shouts!
Your headbutt misses Prince Ribbit.
Prince Ribbit is severely wounded.
You hit the jelly but do no damage. The acid corrodes you!
Your hands burn!
Prince Ribbit hits you. The jelly hits you. The acid corrodes you!
You are splashed with acid!
You barely miss Prince Ribbit.
Prince Ribbit is severely wounded.
You hit the jelly but do no damage. The acid corrodes you!
Your hands burn!
Prince Ribbit hits you!!
* * * LOW HITPOINT WARNING * * *
Unknown command.
A red film seems to cover your vision as you go berserk!
You feel yourself moving faster!
You feel mighty! Prince Ribbit hits you!
You die...

## ## #. #.#
#.########.#
#..##..<..##
#.)J.......#
#.@F....####
#........<#
#......##..#
#......###..#
#....... .....
#...............
#.......5.......[
............


You could see Prince Ribbit, a jelly and a white imp.

Vanquished Creatures
  Grinder (D:4)
  Eustachio (D:4)
  An ogre (D:4)
  A centaur (D:5)
  2 phantoms (D:4)
  A kobold brigand (Sewer)
  2 scorpions (D:4)
  A bombardier beetle (D:3)
  A hound (D:4)
  Terence (D:2)
  7 adders
  A gnoll (D:4)
  A river rat (Sewer)
  3 ribbon worms
  A dart slug (D:4)
  8 orcs
  3 ball pythons
  5 bats
  3 endoplasms
  4 giant cockroaches
  7 goblins
  9 hobgoblins
  5 jackals
  5 quokkas
  5 kobolds
  9 rats
88 creatures vanquished.

Notes
Turn   | Place    | Note
-------+----------+-------------------------------------------
     0 | D:1      | Curundu the Minotaur Berserker began the quest for the Orb.
     0 | D:1      | Reached XP level 1. HP: 19/19 MP: 0/0
   397 | D:1      | Reached XP level 2. HP: 27/27 MP: 1/1
   610 | D:1      | Reached skill level 4 in Axes
   755 | D:1      | Found Diho's Book Shoppe.
  1166 | D:2      | Reached XP level 3. HP: 33/33 MP: 2/2
  1211 | D:2      | Noticed Terence
  1221 | D:2      | Killed Terence
  1355 | D:2      | Found a faded altar of an unknown god.
  1356 | D:2      | Noticed a great orb of eyes
  1359 | D:2      | Noticed an eye of devastation
  1359 | D:2      | Noticed an eye of devastation
  1359 | D:2      | Noticed a golden eye
  1382 | D:2      | Reached XP level 4. HP: 41/41 MP: 3/3
  1957 | D:3      | You fall into a shaft and drop 1 floor!
  1979 | D:4      | Reached ** piety under Trog
  2001 | D:4      | Noticed Eustachio
  2037 | D:4      | Killed Eustachio
  2038 | D:4      | Reached skill level 5 in Fighting
  2038 | D:4      | Reached skill level 6 in Axes
  2038 | D:4      | Reached XP level 5. HP: 17/48 MP: 4/4
  2069 | D:4      | Found a glowing drain.
  2082 | Sewer    | Entered a sewer
  2147 | Sewer    | Reached XP level 6. HP: 52/56 MP: 5/5
  2175 | Sewer    | Found a white marble altar of Elyvilon.
  2502 | D:4      | Reached skill level 7 in Axes
  2526 | D:4      | Reached skill level 5 in Armour
  2526 | D:4      | Reached XP level 7. HP: 58/61 MP: 6/6
  2808 | D:4      | Noticed Grinder
  2837 | D:4      | Killed Grinder
  2838 | D:4      | Reached skill level 8 in Axes
  2929 | D:3      | Reached XP level 8. HP: 68/70 MP: 7/7
  2964 | D:3      | Found an ornate altar of the Wu Jian Council.
  2977 | D:3      | Reached *** piety under Trog
  3418 | D:5      | Entered Level 5 of the Dungeon
  3418 | D:5      | Noticed Prince Ribbit
  3441 | D:5      | Slain by Prince Ribbit

Illustrated notes

Levels and vault maps discovered:
D:1:      dpeg_arrival_lava_altar, layout_basic, serial_shops,
          nicolae_shop_tiny_real_fake_doors
D:2:      layout_basic, hellmonk_ecumenical_altar_watching_god, serial_rivers,
          chequers_serial_rivers_room_b, chequers_serial_rivers_micro_c,
          chequers_serial_rivers_micro_e, chequers_serial_rivers_marsh,
          chequers_serial_rivers_large_a, chequers_serial_rivers_room_a,
          uniq_terence
D:3:      layout_loops_ring, mainiacjoe_overflow_small_starburst,
          amcnicky_mini_rare_corridor_liquid, dreamdust_wishing_well,
          st_stairs_9
D:4:      layout_rooms, cheibrodos_sewer_entry_drain, grunt_ministairs_8,
          minmay_starry_boxes, uniq_grinder, uniq_eustachio
D:5:      layout_layer_cave, mainiacjoe_overflow_alcove_4, serial_shops, shop,
          nicolae_shop_advertising_works [nicolae_subvault_shop_adworks],
          uniq_prince_ribbit1

Skill      XL: |  1  2  3  4  5  6  7  8 |
---------------+-------------------------+-----
Axes           | 4 6 7 8 |  8.8
Fighting       | 4 5 6 |  6.3
Armour         | 3 4 5 6 |  6.2
Dodging        | |  2.9
Stealth        | |  0.3

Action                     |  1- 3 |  4- 6 |  7- 9 || total
---------------------------+-------+-------+-------++-------
  Melee: Hand axe          |    61 |   100 |    91 ||   252
         Headbutt          |    13 |    19 |    19 ||    51
         Punch             |     1 |       |     1 ||     2
 Invoke: Berserk           |     1 |       |     1 ||     2
         Trog's Hand       |       |     1 |     1 ||     2
 Armour: Plate armour      |    66 |   185 |    99 ||   350
         Animal skin       |     1 |       |       ||     1
  Dodge: Dodged            |    30 |    67 |    35 ||   132
